 Dungeon Crawl Stone Soup version 0.18-b1-22-ge198996 (webtiles) character file.

64437 Tarnath the Fencer (level 14, -7/136 HPs)
             Began as a Minotaur Berserker on May 3, 2016.
             Was the Champion of Trog.
             Mangled by a large slime creature (27 damage)
             ... on level 12 of the Dungeon.
             The game lasted 01:20:52 (18252 turns).

Tarnath the Fencer (Minotaur Berserker)            Turns: 18252, Time: 01:20:55

Health: -7/136     AC: 24    Str: 23    XL:     14   Next: 71%
Magic:  4/4        EV: 11    Int:  7    God:    Trog [******]
Gold:   1536       SH:  0    Dex: 20    Spells: 0 memorised, 13 levels left

rFire  . . .     SeeInvis .     a - +4 triple sword (antimagic)
rCold  + . .     Gourm    .     U - +2 plate armour {rC+}
rNeg   . . .     Faith    .     (shield currently unavailable)
rPois  +         Spirit   .     d - +1 hat {Int+3}
rElec  .         Dismiss  .     I - +2 cloak {rPois}
rCorr  .         Reflect  .     y - +0 pair of gloves
SustAt .         Harm     .     (no boots)
MR     +....                    f - amulet of regeneration
Stlth  ..........               i - +6 ring of dexterity
                                (no ring)

@: somewhat resistant to hostile enchantments, extremely unstealthy
A: retaliatory headbutt, horns 2
a: Berserk, Trog's Hand, Brothers in Arms, Burn Spellbooks, Renounce Religion


You were on level 12 of the Dungeon.
You worshipped Trog.
Trog was exalted by your worship.
You were not hungry.

You visited 2 branches of the dungeon, and saw 20 of its levels.
You also visited: Labyrinth.

You collected 1536 gold pieces.

Inventory:

Hand Weapons
 a - a +4 antimagic triple sword (weapon)
 b - a +5 eveningstar
Armour
 d - a +1 hat of intelligence (worn)
 y - a +0 pair of gloves (worn)
 I - a +2 cloak of poison resistance (worn)
 T - a +2 fire dragon armour
 U - a +2 plate armour of cold resistance (worn)
Jewellery
 f - an amulet of regeneration (around neck)
 i - a +6 ring of dexterity (right hand)
 F - an uncursed ring of poison resistance
 H - an uncursed ring of ice
 M - an uncursed ring of fire
Wands
 r - a wand of lightning (10/15)
 t - a wand of paralysis (16/24)
 B - a wand of disintegration (14/24)
 C - a wand of acid (8/15)
 K - a wand of heal wounds (1/9)
 Q - a wand of confusion (37/48)
Scrolls
 h - 2 scrolls of remove curse
 n - 4 scrolls of enchant armour
 p - 5 scrolls of fear
 u - 2 scrolls of recharging
 x - 9 scrolls of teleportation
 N - 2 scrolls of blinking
 R - a scroll of identify
Potions
 e - 4 potions of lignification
 g - 7 potions of curing
 k - 2 potions of heal wounds
 m - 3 potions of haste
 o - a potion of resistance
 q - 2 potions of cure mutation
 s - a potion of flight
 z - a potion of ambrosia
 D - 2 potions of cancellation
 L - 4 potions of agility
Books
 E - a book of Conjurations

   Spells                             Type                      Level
   a - Magic Dart                     Conjuration                  1
   b - Searing Ray                    Conjuration                  2
   c - Dazzling Spray                 Conjuration/Hexes            3
   d - Fulminant Prism                Conjuration/Hexes            4
   e - Iskenderun's Mystic Blast      Conjuration                  4
   f - Iskenderun's Battlesphere      Conjuration/Charms           5
   Trog disapproves of the use of such an item.
 P - Alotun's Volume of the Snowflakes
   (You found it in a labyrinth)

   Spells                             Type                      Level
   a - Freeze                         Ice                          1
   b - Throw Frost                    Conjuration/Ice              2
   c - Throw Icicle                   Conjuration/Ice              4
   d - Summon Ice Beast               Ice/Summoning                4
   e - Ozocubu's Refrigeration        Ice                          6
   Trog disapproves of the use of such an item.
Miscellaneous
 A - a disc of storms
 J - a stone of tremors
Comestibles
 c - 10 bread rations
 j - 4 beef jerkies
 l - a royal jelly
 v - a chunk of flesh
 w - 5 slices of pizza
 G - 9 meat rations
 O - 7 fruits


   Skills:
 + Level 15.7 Fighting
 * Level 19.4 Long Blades
 + Level 14.6 Armour
 - Level 5.4 Dodging
 - Level 5.0 Unarmed Combat
 + Level 2.4 Evocations


You had 13 spell levels left.
You didn't know any spells.

Dungeon Overview and Level Annotations

Branches:
Dungeon (12/15)            Temple (0/1) D:4            Lair (8/8) D:8
 Shoals (0/4) Lair:6        Snake (0/4) Lair:6        Slime (0/6) Lair:6
    Orc (0/2) D:9

Altars:
Ashenzari
Cheibriados
Elyvilon
Gozag
Makhleb
Nemelex Xobeh
Okawaru
Pakellas
Qazlal
Ru
Sif Muna
Trog
Xom
Zin
The Shining One
Jiyva


Innate Abilities, Weirdness & Mutations

You reflexively headbutt those who attack you in melee.
You have a pair of horns on your head.


Message History

The freezing wraith is destroyed!
The centaur skeleton completely misses you.
You furiously retaliate!
You headbutt the centaur skeleton!
The large slime creature barely misses you.
The centaur skeleton hits you but does no damage.
Your troll bites the slime creature!
Your troll claws the slime creature!
Your troll claws the slime creature.
The large slime creature hits you!!
* * * LOW HITPOINT WARNING * * *
Your troll bites the slime creature!!
Your troll claws the slime creature. x2
The slime creature hits your troll!
Your troll dies!
Your troll's corpse disappears in a puff of smoke!
The centaur skeleton hits you but does no damage.
Your plate armour prevents you from hitting the slime creature.
You headbutt the slime creature.
You kill the slime creature!
Trog accepts your kill.
You feel yourself speed up. The centaur skeleton barely misses you.
The large slime creature hits you!!
You die...

.. #.....
#.##############.....
+....................
+.................###
#.................#..
#...............††#..
#.................#..
#...J......)......#..
#...@Z............###
.........######.........
.........# #.........
#######..# +.........
#..# #......... #).#
#.....#### #..# #.....#
#..# #..... ......


You could see a large slime creature and a centaur skeleton.

Vanquished Creatures
  Maud (Lair:8)
  A minotaur (Lab)
  Fannar (Lair:2)
  A death knight (D:12)
  The ghost of varam the Grappler, a novice TrTm (D:8)
  8 death yaks
  A queen ant (Lair:8)
  The ghost of varam the Grappler, a novice TrTm (Lair:1)
  4 hill giants
  An ugly thing (D:10)
  A cyclops (D:11)
  Maurice (D:8)
  14 elephants
  Joseph (D:9)
  10 black mambas
  A rime drake (Lair:5)
  A torpor snail (Lair:5)
  Psyche (D:9)
  12 spiny frogs
  6 komodo dragons
  2 spriggan druids (Lair:8)
  A troll (D:10)
  11 polar bears
  A two-headed ogre (D:9)
  17 blink frogs
  A snapping turtle (Lair:6)
  A slime creature (D:12)
  A vampire (D:9)
  9 spriggans (Lair:8)
  6 redbacks (Lair:8)
  A wyvern (Lair:4)
  30 yaks
  5 hippogriffs
  A basilisk (Lair:7)
  A hungry ghost (D:12)
  22 water moccasins
  20 soldier ants (Lair:8)
  9 porcupines
  9 orc warriors
  2 ice beasts
  2 wasps (Lair:8)
  An eye of draining (D:8)
  5 black bears (Lair:8)
  3 phantoms
  5 sky beasts
  6 ogres
  55 wolves
  6 centaurs
  18 crocodiles
  18 giant frogs
  4 scorpions
  14 killer bees
  3 jellies
  7 wights (D:11)
  An electric eel (Lair:8)
  2 crimson imps
  2 centaur zombies
  A giant frog zombie (D:5)
  2 quasits
  2 hounds
  12 orc priests
  Crazy Yiuf (D:6)
  3 centaur skeletons
  A giant frog skeleton (D:8)
  12 iguanas
  15 orc wizards
  Ijyb (D:3)
  26 worker ants
  A hell rat (D:6)
  13 sheep
  2 hound skeletons
  A howler monkey zombie (D:9)
  14 adders
  8 gnolls
  2 howler monkey skeletons
  34 river rats
  12 white imps (D:11)
  2 oozes
  3 worms
  2 dart slugs
  3 giant geckos
  50 orcs
  8 bats
  4 giant cockroaches
  4 goblins
  4 hobgoblins
  3 jackals
  9 kobolds
  4 quokkas
  2 ball pythons
  3 giant newts
  A jackal skeleton (D:4)
  27 rats
662 creatures vanquished.

Vanquished Creatures (collateral kills)
  2 hydras (Lair:8)
  A skeletal warrior (D:12)
  A griffon (Lair:8)
  2 spiny frogs
  A freezing wraith (D:12)
  A slime creature (D:12)
  A spriggan (Lair:8)
  A wraith (D:12)
  A basilisk (Lair:8)
  2 yaks (Lair:8)
  A hippogriff (Lair:8)
14 creatures vanquished.

Vanquished Creatures (others)
  11 fungi
  9 plants
20 creatures vanquished.

Grand Total: 696 creatures vanquished

Notes
Turn   | Place    | Note
--------------------------------------------------------------
     0 | D:1      | Tarnath the Minotaur Berserker began the quest for the Orb.
     0 | D:1      | Reached XP level 1. HP: 19/19 MP: 0/0
   116 | D:1      | Reached XP level 2. HP: 23/27 MP: 1/1
   208 | D:1      | Reached skill level 4 in Long Blades
   433 | D:1      | Reached ** piety under Trog
   823 | D:2      | Reached XP level 3. HP: 28/33 MP: 2/2
  1386 | D:2      | Found a glowing golden altar of the Shining One.
  1403 | D:2      | Found an oddly glowing altar of Pakellas.
  1519 | D:2      | Found a snail-covered altar of Cheibriados.
  1531 | D:2      | Reached skill level 5 in Long Blades
  1531 | D:2      | Reached XP level 4. HP: 36/40 MP: 3/3
  1669 | D:3      | Found a glowing silver altar of Zin.
  1754 | D:3      | Found a burning altar of Makhleb.
  1851 | D:3      | Found a sparkling altar of Nemelex Xobeh.
  2014 | D:3      | Noticed Ijyb
  2023 | D:3      | Killed Ijyb
  2186 | D:3      | Found an iron altar of Okawaru.
  2405 | D:3      | Noticed a phantom
  2435 | D:3      | Killed a phantom
  2435 | D:3      | Reached skill level 6 in Long Blades
  2435 | D:3      | Reached XP level 5. HP: 24/47 MP: 4/4
  2557 | D:3      | Found a shattered altar of Ashenzari.
  2846 | D:4      | Noticed an ogre
  2855 | D:4      | Killed an ogre
  2855 | D:4      | Reached skill level 5 in Fighting
  2855 | D:4      | Reached XP level 6. HP: 56/56 MP: 5/5
  2970 | D:4      | Found a stormy altar of Qazlal.
  3049 | D:4      | Reached skill level 7 in Long Blades
  3089 | D:4      | Reached skill level 5 in Armour
  3144 | D:4      | Found a staircase to the Ecumenical Temple.
  3192 | D:4      | Found a white marble altar of Elyvilon.
  3195 | D:4      | Found a sparkling altar of Nemelex Xobeh.
  3214 | D:4      | Reached XP level 7. HP: 61/61 MP: 6/6
  3230 | D:4      | Reached *** piety under Trog
  3388 | D:4      | Found a bloodstained altar of Trog.
  3470 | D:5      | Entered Level 5 of the Dungeon
  3644 | D:5      | Found a sacrificial altar of Ru.
  3648 | D:5      | Reached skill level 8 in Long Blades
  4008 | D:5      | Found a deep blue altar of Sif Muna.
  4014 | D:5      | Reached XP level 8. HP: 68/71 MP: 7/7
  4132 | D:6      | Reached **** piety under Trog
  4293 | D:6      | Reached skill level 9 in Long Blades
  4344 | D:6      | Noticed Crazy Yiuf
  4348 | D:6      | Killed Crazy Yiuf
  5120 | D:7      | Reached skill level 10 in Long Blades
  5463 | D:7      | Got a steaming leather armour
  5474 | D:7      | Identified the +2 leather armour "Qehifena" {-Cast Str+2 Int+5} (You found it on level 7 of the Dungeon)
  5529 | D:7      | Reached XP level 9. HP: 76/81 MP: 8/8
  5935 | D:8      | Noticed varam's ghost (novice TrTm)
  5947 | D:8      | Killed varam's ghost
  5947 | D:8      | Reached skill level 11 in Long Blades
  6443 | D:8      | Found a staircase to the Lair.
  6466 | D:8      | Noticed Maurice
  6482 | D:8      | Killed Maurice
  6482 | D:8      | Reached skill level 12 in Long Blades
  6919 | D:9      | Found a staircase to the Orcish Mines.
  7143 | D:9      | Found a shimmering altar of Xom.
  7181 | D:9      | Reached XP level 10. HP: 90/91 MP: 9/9
  7184 | D:9      | Reached ***** piety under Trog
  7425 | Lair:1   | Entered Level 1 of the Lair of Beasts
  7530 | Lair:1   | Reached skill level 13 in Long Blades
  7686 | Lair:1   | Noticed a spiny frog
  7699 | Lair:1   | Killed a spiny frog
  7724 | Lair:1   | Noticed varam's ghost (novice TrTm)
  7735 | Lair:1   | Killed varam's ghost
  7735 | Lair:1   | Reached skill level 10 in Fighting
  7922 | Lair:1   | Reached skill level 10 in Armour
  7938 | Lair:1   | Reached skill level 14 in Long Blades
  7959 | Lair:1   | Noticed a spiny frog
  7973 | Lair:1   | Killed a spiny frog
  8426 | Lair:2   | Reached skill level 1 in Unarmed Combat
  8554 | Lair:2   | Noticed a spiny frog
  8576 | Lair:2   | Killed a spiny frog
  8576 | Lair:2   | Reached XP level 11. HP: 101/101 MP: 10/10
  8939 | Lair:2   | Noticed Fannar
  8955 | Lair:2   | Killed Fannar
  9376 | Lair:3   | Received a gift from Trog
  9503 | Lair:3   | Got an ichor-stained chain mail
  9514 | Lair:3   | Identified the +4 chain mail "Xaizxeax" {Stlth+} (You found it on level 3 of the Lair of Beasts)
 10145 | Lair:4   | Reached skill level 5 in Dodging
 10254 | Lair:4   | Reached skill level 5 in Unarmed Combat
 10838 | Lair:5   | Reached XP level 12. HP: 48/113 MP: 11/11
 10983 | Lair:5   | Reached skill level 15 in Long Blades
 11206 | Lair:5   | Reached ****** piety under Trog
 11882 | Lair:6   | Found a staircase to the Slime Pits.
 11883 | Lair:6   | Found a viscous altar of Jiyva.
 12133 | Lair:6   | Found a staircase to the Snake Pit.
 12147 | Lair:6   | Reached skill level 16 in Long Blades
 12335 | Lair:6   | Found a staircase to the Shoals.
 12708 | Lair:7   | Reached XP level 13. HP: 123/123 MP: 12/12
 12810 | Lair:7   | Received a gift from Trog
 13088 | Lair:7   | Received a gift from Trog
 13094 | Lair:7   | Reached skill level 17 in Long Blades
 13552 | Lair:8   | Entered Level 8 of the Lair of Beasts
 13791 | Lair:8   | Identified a scroll of acquirement
 13828 | Lair:8   | Found a labyrinth entrance.
 13843 | Lab      | Entered a labyrinth
 14488 | Lab      | Noticed a minotaur
 14499 | Lab      | Killed a minotaur
 14510 | Lab      | Identified Alotun's Volume of the Snowflakes
 14510 | Lab      | Got a bound brass ring
 14515 | Lair:8   | Identified the ring of Leothih {Wiz *Corrode MP+9 Int+3} (You found it in a labyrinth)
 14580 | Lair:8   | Received a gift from Trog
 14585 | Lair:8   | Reached skill level 18 in Long Blades
 14625 | Lair:8   | HP: 5/125 [spiny frog (8)]
 14630 | Lair:8   | HP: 4/125 [poisoned by a spiny frog]
 14635 | Lair:8   | HP: 3/125 [poisoned by a spiny frog]
 14641 | Lair:8   | HP: 4/125 [poisoned by a spiny frog]
 14936 | Lair:8   | Reached skill level 15 in Fighting
 14942 | Lair:8   | Reached XP level 14. HP: 128/135 MP: 4/13
 15101 | Lair:8   | Received a gift from Trog
 15327 | Lair:8   | Noticed Maud
 15337 | Lair:8   | Killed Maud
 16097 | D:9      | Noticed Psyche
 16100 | D:9      | Killed Psyche
 16240 | D:9      | Reached skill level 19 in Long Blades
 16406 | D:9      | Noticed Joseph
 16416 | D:9      | Killed Joseph
 16459 | D:9      | Found an opulent altar of Gozag.
 16624 | D:10     | Entered Level 10 of the Dungeon
 16750 | D:10     | Found a shimmering altar of Xom.
 16805 | D:10     | Reached skill level 1 in Evocations
 17294 | D:11     | Received a gift from Trog
 18252 | D:12     | Mangled by a large slime creature

Skill      XL: |  1  2  3  4  5  6  7  8  9 10 11 12 13 14 |
---------------+-------------------------------------------+-----
Long Blades    | 4 5 6 7 8 10 12 14 16 18 19 | 19.4
Armour         | 3 4 5 6 7 8 10 11 12 13 14 | 14.6
Fighting       | 4 5 6 7 9 10 12 13 15 | 15.7
Unarmed Combat | 1 5 |  5.0
Dodging        | 3 5 |  5.4
Evocations     | 2 |  2.4

Action                   |  1- 3 |  4- 6 |  7- 9 | 10-12 | 13-15 || total
-------------------------+-------+-------+-------+-------+-------++-------
Melee: Falchion          |    78 |   100 |   309 |   239 |       ||   726
       Headbutt          |     6 |    20 |    96 |   187 |   207 ||   516
       Mace              |       |       |       |     6 |     4 ||    10
       Great sword       |       |       |       |   358 |   150 ||   508
       Scimitar          |       |       |       |     2 |     4 ||     6
       Punch             |       |       |       |     2 |     1 ||     3
       Triple sword      |       |       |       |       |   585 ||   585
Invok: Berserk           |       |     2 |     4 |     6 |     2 ||    14
       Burn Spellbooks   |       |     1 |       |     5 |       ||     6
       Brothers in Arms  |       |       |       |     1 |     2 ||     3
Evoke: Disc of storms    |       |       |       |       |     1 ||     1
       Wand              |       |       |       |       |     2 ||     2
  Use: Scroll            |       |     8 |     5 |    20 |    10 ||    43
       Potion            |       |       |     1 |       |     1 ||     2
 Stab: Sleeping          |     1 |       |       |     2 |       ||     3
       Paralysed         |       |       |     1 |       |       ||     1
  Eat: Chunk             |     2 |     7 |     9 |    24 |    18 ||    60
       Meat ration       |       |       |     1 |       |       ||     1
       Fruit             |       |       |     3 |     1 |     2 ||     6
       Beef jerky        |       |       |       |       |     1 ||     1
Armor: Animal skin       |    13 |       |       |       |       ||    13
       Leather armour    |       |    16 |    14 |    44 |       ||    74
       Scale mail        |       |       |    62 |       |       ||    62
       Chain mail        |       |       |       |   208 |   192 ||   400
       Plate armour      |       |       |       |       |   408 ||   408
Dodge: Dodged            |    66 |    49 |   146 |   355 |   480 ||  1096
